Map: Oxide LE

Players

AqueroN

  • Race: Terran Terran

Harstem - Winner!

  • Race: Protoss Protoss

Event: DreamHack SC2 Masters 2021 Winter

VOD

Have the link to the VOD?

Description

Time

  • Played on: Sept. 30, 2021, 1:04 p.m.
  • Length: 12:34

All games in this series

Show
View Real Time Build Order
Export as new Build Order

AqueroN Terran 

Build Orders:  

Get SALT Encoding   

  12  0:00  SCV  
  13  0:12  SCV  
  14  0:16  Supply Depot  
  14  0:24  SCV  
  15  0:38  SCV  
  15  0:39  Barracks  
  16  0:45  Refinery  
  16  0:50  SCV  
  17  1:02  SCV  
  18  1:05  Engineering Bay  
  18  1:14  SCV  
  19  1:21  Engineering Bay  
  19  1:28  Orbital Command  
  19  1:29  Barracks Reactor  
  19  1:50  Command Center  
  19  1:55  SCV  
  19  1:59  Bunker  
  20  2:05  Reaper x2  
  22  2:11  Supply Depot  
  22  2:14  SCV  
  23  2:25  Barracks  
  23  2:33  SCV  
  23  2:34  Barracks  
  24  2:39  Reaper  
  24  2:42  Reaper  
  26  2:45  SCV  
  27  2:52  Supply Depot  
  27  2:57  SCV  
  27  3:09  SCV  
  27  3:11  Marine  
  29  3:14  Barracks Tech Lab, Marine  
  30  3:21  SCV  
  30  3:26  Orbital Command  
  31  3:31  Barracks Tech Lab, Marine  
  32  3:34  SCV  
  33  3:42  Stimpack, Marine x2  
  33  3:46  SCV  
  33  3:47  Supply Depot  
  35  3:54  SCV  
  36  3:55  Marine  
  36  3:56  Marine  
  36  3:59  SCV  
  36  4:00  Refinery  
  39  4:06  SCV  
  39  4:11  SCV, Marine x2  
  39  4:13  Marine x2  
  39  4:16  Combat Shield  
  42  4:18  SCV  
  42  4:23  SCV, Engineering Bay  
  44  4:29  Marine x2  
  44  4:30  SCV, Bunker  
  47  4:31  Marine x2  
  47  4:35  SCV  
  50  4:43  Supply Depot  
  49  4:46  SCV  
  49  4:47  Marine x2  
  49  4:48  SCV  
  49  4:49  Marine x2  
  54  4:55  Terran Infantry Weapons Level 1  
  54  4:58  SCV  
  55  5:00  SCV  
  55  5:05  Marauder, Marine  
  55  5:07  Marauder, Marine  
  59  5:10  Supply Depot  
  59  5:11  SCV  
  59  5:12  SCV  
  64  5:19  Supply Depot  
  64  5:23  SCV  
  64  5:24  Missile Turret, SCV, Marine x2  
  68  5:31  Marauder  
  68  5:32  Marauder  
  72  5:36  SCV x2  
  73  5:48  SCV x2  
  72  5:50  Factory, Marine  
  72  5:51  Concussive Shells, Marine  
  72  5:52  Marine  
  72  5:53  Marine  
  76  6:00  SCV x2  
  77  6:06  Barracks  
  77  6:07  Barracks  
  77  6:08  Marine  
  77  6:09  Marine  
  77  6:10  Refinery, Marine  
  77  6:11  Marine  
  80  6:13  SCV x2  
  83  6:25  SCV x2  
  84  6:28  Marauder  
  85  6:39  Marauder  
  85  6:43  SCV  
  82  6:49  Marauder  
  82  6:50  SCV  
  69  6:55  SCV  
  69  6:56  Barracks Tech Lab, Command Center, Marine x2  
  69  6:57  Barracks Reactor  
  69  6:59  Factory Reactor  
  69  7:01  Marauder, Starport  
  68  7:02  SCV  
  68  7:08  SCV  
  70  7:11  Marauder  
  70  7:12  Refinery  
  70  7:13  Marine x2  
  70  7:14  SCV  
  75  7:20  Marauder, SCV  
  75  7:22  Marauder  
  80  7:25  Supply Depot x2, Barracks x2  
  80  7:26  SCV  
  81  7:31  Marine x3  
  81  7:32  SCV  
  85  7:39  SCV  
  85  7:40  Supply Depot  
  86  7:45  Factory Reactor  
  86  7:46  SCV, Marine x4  
  86  7:49  Supply Depot, Medivac x2  
  86  7:50  Supply Depot  
  95  7:51  SCV  
  95  7:53  Marauder, Marine x2  
  100  7:58  Supply Depot  
  100  7:59  Missile Turret, Terran Infantry Armor Level 1  
  100  8:05  Marauder x2  
  104  8:10  Ghost Academy  
  104  8:11  SCV x2  
  106  8:14  Barracks Tech Lab x2  
  106  8:15  Marine  
  106  8:17  Marine  
  108  8:20  Marine  
  108  8:22  Orbital Command  
  108  8:29  Marine  
  115  8:35  Medivac x2  
  115  8:36  SCV  
  115  8:37  SCV  
  121  8:44  Marine x3  
  121  8:45  Ghost x2  
  121  8:48  Marauder, Marine x2  
  126  8:55  SCV x3  
  128  8:58  Refinery  
  128  8:59  Supply Depot  
  128  9:00  Supply Depot  
  128  9:03  Marine x4  
  128  9:05  Ghost  
  128  9:07  Widow Mine, SCV x3  
  128  9:08  Widow Mine  
  141  9:17  Engineering Bay  
  141  9:21  Marauder x3, Armory, Marine  
  141  9:22  Marauder  
  141  9:23  SCV x2  
  151  9:34  Marine x2  
  151  9:35  Marauder  
  155  9:42  Marauder x2  
  159  9:52  Viking x2  
  156  9:54  Marine x4  
  156  9:55  SCV x2  
  156  9:56  SCV  
  163  10:07  Starport  
  163  10:15  Marine x2  
  163  10:18  Marine  
  163  10:20  Marine  
  165  10:23  Ghost  
  165  10:25  Ghost  
  163  10:31  Supply Depot, Viking x2  
  163  10:33  SCV x3  
  163  10:52  Supply Depot  
  163  10:56  Marauder x2  
  163  10:57  Marauder  
  166  10:58  Marauder, Marine x4  
  172  11:05  Marauder  
  172  11:17  Viking x2, Marine x3  
  172  11:18  Marauder x3, Viking x2  
  189  11:25  Marauder  
  189  11:26  Marauder, Marine  
  189  11:27  Refinery  
  189  11:39  Marauder, Marine x2  
  189  11:41  Marauder x2  
  189  11:46  Viking  
  189  11:47  Viking  
  184  11:48  Medivac x2  
  184  11:52  Marauder x2  
  190  11:58  Orbital Command  
  179  12:07  Marauder x2  
  150  12:10  Marauder  
Show
View Real Time Build Order
Export as new Build Order

Harstem Protoss - Winner!

Build Orders: Oracle Opening 

Get SALT Encoding   

  12  0:00  Probe  
  13  0:12  Probe  
  14  0:17  Pylon  
  14  0:24  Probe (Chrono Boost)  
  15  0:36  Gateway  
  15  0:37  Probe (Chrono Boost)  
  16  0:44  Probe (Chrono Boost)  
  17  0:51  Probe  
  17  0:52  Assimilator  
  18  1:03  Probe  
  19  1:15  Probe  
  20  1:24  Cybernetics Core  
  20  1:27  Probe  
  20  1:29  Pylon  
  21  1:48  Nexus  
  21  1:51  Probe  
  22  1:57  Assimilator  
  22  1:59  Adept (Chrono Boost)  
  22  2:05  Probe  
  25  2:17  Probe (Chrono Boost)  
  26  2:24  Adept  
  29  2:30  Probe (Chrono Boost)  
  29  2:33  Stargate  
  29  2:38  Probe (Chrono Boost)  
  29  2:44  Probe, Shield Battery  
  31  3:00  Stalker, Probe  
  31  3:04  Probe  
  35  3:06  Warp Gate  
  35  3:12  Probe  
  36  3:16  Probe  
  36  3:17  Oracle (Chrono Boost)  
  37  3:24  Probe  
  37  3:27  Pylon  
  41  3:28  Probe  
  42  3:36  Probe  
  42  3:40  Stalker, Probe  
  47  3:48  Probe  
  47  3:53  Probe  
  47  3:55  Oracle (Chrono Boost)  
  46  4:00  Probe  
  50  4:05  Probe  
  51  4:12  Probe  
  52  4:18  Probe  
  52  4:22  Pylon  
  53  4:24  Probe  
  54  4:34  Pylon  
  54  4:39  Nexus  
  54  4:40  Probe x2  
  54  4:41  Assimilator  
  56  4:53  Probe  
  56  4:54  Probe  
  56  4:58  Twilight Council  
  56  4:59  Gateway  
  58  5:00  Stalker  
  58  5:06  Shield Battery  
  61  5:08  Probe (Chrono Boost)  
  61  5:09  Probe (Chrono Boost)  
  61  5:12  Gateway  
  62  5:15  Pylon  
  63  5:24  Probe x2 (Chrono Boost), Sentry  
  63  5:28  Forge  
  66  5:29  Pylon  
  66  5:32  Probe x2  
  68  5:44  Probe x2  
  68  5:49  Protoss Ground Armor Level 1 (Chrono Boost)  
  68  5:51  Stalker  
  68  5:52  Probe  
  68  5:56  Stalker, Probe x2  
  75  5:57  Charge (Chrono Boost)  
  74  6:04  Probe  
  74  6:07  Stalker  
  74  6:08  Probe x2  
  79  6:11  Pylon  
  79  6:14  Gateway, Assimilator  
  79  6:16  Robotics Facility, Zealot, Probe  
  82  6:19  Zealot  
  82  6:20  Probe  
  82  6:24  Probe  
  86  6:28  Probe  
  86  6:30  Zealot  
  88  6:33  Probe  
  88  6:36  Probe  
  88  6:38  Stalker  
  92  6:41  Probe  
  92  6:43  Stalker  
  92  6:45  Probe  
  86  6:52  Zealot  
  83  6:59  Assimilator  
  77  7:03  Gateway  
  77  7:05  Void Ray (Chrono Boost), Sentry  
  77  7:06  Immortal  
  77  7:08  Gateway  
  83  7:09  Robotics Bay, Sentry  
  83  7:11  Gateway, Shield Battery  
  83  7:13  Gateway  
  83  7:14  Assimilator  
  83  7:15  Pylon  
  89  7:16  Zealot  
  92  7:26  Photon Cannon, Sentry  
  92  7:29  Pylon  
  93  7:31  Photon Cannon  
  93  7:32  Pylon  
  93  7:33  Shield Battery  
  93  7:34  Zealot, Blink (Chrono Boost)  
  94  7:41  Zealot x2  
  98  7:50  Zealot  
  100  7:55  Zealot, Shield Battery  
  102  8:01  Protoss Ground Weapons Level 1 (Chrono Boost)  
  102  8:03  Zealot x4  
  108  8:08  Colossus (Chrono Boost)  
  108  8:11  Pylon  
  114  8:18  Probe  
  114  8:19  Extended Thermal Lance  
  115  8:24  Robotics Facility  
  114  8:29  Probe  
  114  8:32  Forge  
  114  8:36  Stalker x3, Sentry  
  122  8:42  Pylon  
  122  8:46  Pylon  
  122  8:51  Zealot  
  122  8:52  Zealot x3  
  130  8:56  Colossus (Chrono Boost)  
  136  9:08  Nexus  
  136  9:09  Pylon  
  136  9:14  Stalker x2  
  136  9:17  Colossus (Chrono Boost)  
  144  9:31  Protoss Ground Armor Level 2 (Chrono Boost)  
  142  9:34  Probe  
  142  9:35  Stalker x4  
  151  9:47  Disruptor (Chrono Boost)  
  151  9:52  Stalker x4  
  156  10:03  Disruptor  
  159  10:07  Stalker  
  161  10:24  Probe  
  161  10:25  Probe x2  
  161  10:26  Probe  
  161  10:27  Disruptor  
  166  10:29  Photon Cannon  
  166  10:32  Shield Battery  
  166  10:34  Zealot x5  
  174  10:39  Colossus  
  179  10:47  Zealot x2  
  179  10:49  Probe  
  180  10:50  Pylon  
  180  10:54  Pylon  
  180  11:07  Dark Shrine  
  180  11:08  Probe x2, Disruptor  
  180  11:09  Pylon  
  185  11:11  Pylon  
  183  11:22  Zealot  
  183  11:23  Zealot x5  
  195  11:27  Pylon  
  195  11:32  Disruptor (Chrono Boost)  
  194  11:46  Disruptor (Chrono Boost)  
  180  11:49  Zealot x5  
  180  11:50  Zealot x3  
  197  11:55  Probe  
  166  12:20  Stalker x8  

Tags
 
Add a new tag
Caveats
  • Supply blocks, unpowered buildings, or Contaminate may cause inaccurate times.
  • Supply counts are checked every 10 seconds.